 Dungeon Crawl Stone Soup version 0.32-a0-938-g40ac7a0f4d (webtiles) character file.

Game seed: 11914122586465372090

39814 BlackSun the Bludgeoner (level 14, -17/116 HPs)
             Began as a Human Chaos Knight on Apr 15, 2024.
             Was a High Priest of Okawaru.
             Demolished by a +4 flail of chaos (22 damage)
             ... on level 1 of the Lair of Beasts.
             The game lasted 00:29:36 (19842 turns).

BlackSun the Bludgeoner (Human Chaos Knight)       Turns: 19842, Time: 00:29:36

Health: -17/116    AC: -4    Str: 18    XL:     14   Next: 8%
Magic:  23/23      EV: 16    Int: 12    God:    Okawaru [*****.]
Gold:   1023       SH:  0    Dex: 13    Spells: 13/13 levels left

rFire   . . .        a - melded +2 eveningstar {rare}
rCold   . . .        T - melded +2 tower shield
rNeg    . . .        y - melded +2 plate armour {rC+}
rPois   .            N - melded +2 hat {Will+}
rElec   .            H - melded scarf {rC+ rF+}
rCorr   .            w - melded +2 pair of gloves
SInv    .            G - melded +0 pair of boots
Will    +....        A - amulet of the acrobat
Stlth   +            S - melded +6 ring of strength
HPRegen 0.39/turn    g - melded ring of the Philosopher {rPois rF+ AC+4 Str-3}
MPRegen 0.18/turn

%: acrobat
@: about to teleport, pig-form, corroded, very quick
A: fast, no casting, small, explore regen, robust 1, (electricity resistance),
no potion heal 1
a: Renounce Religion, Heroism, Finesse, Duel


You were on level 1 of the Lair of Beasts.
You worshipped Okawaru.
Okawaru was extremely pleased with you.
You were a filthy swine.
You visited 3 branches of the dungeon, and saw 16 of its levels.
You also visited: Volcano.

You collected 1298 gold pieces.
You spent 275 gold pieces at shops.

Inventory:

Hand Weapons
 a - a +2 eveningstar (melded) {rare}
 I - a +1 broad axe of flaming
Missiles
 b - 11 silver javelins
 u - 6 atropa-tipped darts
 v - a dart of dispersal {=f!f}
 F - 3 boomerangs
Armour
 w - a +2 pair of gloves (melded)
 y - a +2 plate armour of cold resistance (melded)
 G - a +0 pair of boots (melded)
 H - a scarf of resistance (melded)
 J - +0 swamp dragon scales
 N - a +2 hat of willpower (melded)
 T - a +2 tower shield (melded)
Jewellery
 g - the ring of the Philosopher (melded) {rPois rF+ AC+4 Str-3}
   (You acquired it on level 5 of the Dungeon)

   [ring of protection]

   AC+4:      It affects your AC (+4).
   Str-3:     It affects your strength (-3).
   rF+:       It protects you from fire.
   rPois:     It protects you from poison.
 A - an amulet of the acrobat (around neck)
 C - a ring of protection from cold
 O - a +4 ring of protection
 P - the ring of the Ubiquitous God {rC+ Slay+2}
   (You found it on level 5 of the Lair of Beasts)

   [ring of protection from cold]

   Slay+2:    It affects your accuracy & damage with ranged weapons and melee
   (+2).
   rC+:       It protects you from cold.
 R - a ring of resist corrosion
 S - a +6 ring of strength (melded)
Wands
 k - a wand of digging (13)
 o - a wand of warping (5)
 p - a wand of mindburst (3)
 D - a wand of flame (23)
Scrolls
 c - a scroll of butterflies
 d - 13 scrolls of teleportation {@r4}
 e - 2 scrolls of fog {unknown}
 j - 4 scrolls of enchant weapon
 n - 4 scrolls of fear {unknown}
 t - 3 scrolls of immolation {!r!r}
 x - a scroll of poison
 B - a scroll of amnesia
 E - 3 scrolls of vulnerability {!r!r}
 L - a scroll of brand weapon
 M - a scroll of enchant armour
 V - a scroll of silence {unknown}
Potions
 f - 2 potions of might
 h - a potion of invisibility {unknown}
 i - a potion of berserk rage {!q}
 l - 4 potions of mutation {!q}
 m - 5 potions of curing {@q1}
 r - 4 potions of haste {@q3}
 s - a potion of heal wounds {unknown}
 z - a potion of cancellation {unknown}
 K - a potion of ambrosia
 U - a potion of brilliance {unknown}
Miscellaneous
 q - a Gell's gravitambourine (1/2)


   Skills:
 + Level 8.7 Fighting
 * Level 15.0 Maces & Flails
 + Level 8.7 Armour
 + Level 7.8 Dodging
 + Level 7.2 Shields
 - Level 12.0 Invocations


You had 13 spell levels left.
You didn't know any spells.
Your spell library contained the following spells:

 Spells                   Type           Power      Damage    Failure   Level
 Sting                    Conj/Alch      0%         1d3       32%         1
 Cigotuvi's Dreadful Rot  Necr/Alch/Air  0%         N/A       45%         2
 Jinxbite                 Hex            0%         N/A       45%         2
 Mercury Vapours          Alch/Air       0%         N/A       45%         2
 Dazzling Flash           Conj/Hex       0%         N/A       69%         3
 Maxwell's Portable Pile  Tloc           0%         2d(5-13)  69%         3
 Sigil of Binding         Hex            0%         N/A       69%         3
 Brom's Barrelling Bould  Conj/Erth      0%         2d3       97%         4
 Ignite Poison            Fire/Alch      0%         N/A       97%         4
 Olgreb's Toxic Radiance  Alch           0%         N/A       97%         4
 Arcjolt                  Conj/Air       0%         1d10      100%        5
 Fireball                 Conj/Fire      0%         3d3       100%        5
 Freezing Cloud           Conj/Ice/Air   0%         6-21      100%        5
 Iskenderun's Battlesphe  Conj           0%         2d6       100%        5
 Yara's Violent Unravell  Hex/Alch       0%         3d3       100%        5
 Conjure Ball Lightning   Conj/Air       0%         3x3d6     100%        6
 Starburst                Conj/Fire      0%         6d3       100%        6
 Enfeeble                 Hex            0%         N/A       100%        7
 Orb of Destruction       Conj           0%         9d5       100%        7
 Maxwell's Capacitive Co  Air            0%         ∞         100%        8
 Death Channel            Necr           Unusable   N/A       N/A         6
 Sculpt Simulacrum        Ice/Alch       Unusable   N/A       N/A         6

Dungeon Overview and Level Annotations

Branches:
Dungeon (10/15)            Temple (1/1) D:7            Lair (5/5) D:8
  Swamp (0/4) Lair:2        Snake (0/4) Lair:2        Slime (0/5) Lair:5
    Orc (0/2) D:9         Volcano (visited)

Altars:
Ashenzari
Cheibriados
Dithmenos
Elyvilon
Fedhas
Gozag
Hepliaklqana
Kikubaaqudgha
Makhleb
Nemelex Xobeh
Okawaru
Qazlal
Ru
Sif Muna
Trog
Uskayaw
Vehumet
Wu Jian
Xom
Yredelemnul
Zin
The Shining One
Jiyva

Shops:
D:8 ?

Annotations:
Lair:1 Quercus's ghost, novice DESu


Innate Abilities, Weirdness & Mutations

You are a filthy swine.
You move quickly.
Your equipment is almost entirely melded.
You are incapable of wielding weapons or throwing items.
You cannot cast spells.
You regain HP and MP as you explore.
You are robust. (+10% HP)
((You are resistant to electric shocks. (rElec)))
Potions are less effective at restoring your health.


Message History

Quercus's ghost turns its malevolent gaze towards you.
Items here: ) [[[[[[[.
You open the door.
You block the +4 flail of chaos's attack.
You puncture the +4 flail of chaos!
The +4 flail of chaos hits you but does no damage.
You are caught in a web!
Quercus's ghost ripples.
The web tears apart.
The +4 flail of chaos hits you but does no damage.
The acid corrodes you!
Quercus's ghost casts a spell.
An electric hum fills the air.
The +4 flail of chaos hits you.
You barely miss the +4 flail of chaos. The +4 flail of chaos hits you!
You turn into a filthy swine.
Your +2 eveningstar {rare} melds into your body.
Your scarf of resistance melds into your body.
Your +2 hat of willpower melds into your body.
Your +2 pair of gloves melds into your body.
Your +0 pair of boots melds into your body.
Your +2 tower shield melds into your body.
Your +2 plate armour of cold resistance melds into your body.
Your +6 ring of strength melds into your body.
The ring of the Philosopher {rPois rF+ AC+4 Str-3} melds into your body.
You feel hot and cold all over.
You feel less strong-willed.
You feel less resistant to cold.
You feel weaker.
Quercus's ghost mumbles some strange words.
Quercus's ghost calls forth a shade to shield themselves.
You barely miss the +4 flail of chaos. The +4 flail of chaos misses you.
You hit the +4 flail of chaos but do no damage.
The +4 flail of chaos hits you!
You are poisoned.
As you read the scroll of teleportation {@r4}, it crumbles to dust.
You feel strangely unstable.
You feel sick. The +4 flail of chaos hits you!!
* * * LOW HITPOINT WARNING * * *
You are more poisoned.
The +4 flail of chaos hits you!!
* * * LOW HITPOINT WARNING * * *
The +4 flail of chaos burns you!
* * * LOW HITPOINT WARNING * * *
Unknown command.
Your system partially rejects the healing.
You feel better. The +4 flail of chaos hits you!
* * * LOW HITPOINT WARNING * * *
The +4 flail of chaos freezes you!
* * * LOW HITPOINT WARNING * * *
The +4 flail of chaos hits you!!
You die...

.# ####.##.......## #P.#..#.. .#
#######.....§..## ##.#####.
.###........####.### ##†....##.
.........>#.###..#.#####.........
.###......P..P##.................
.###.............................
...#................#............
#..#......##.#......#..##.....#..
...#......##..#.hW..#..##.....##.
.........###..###(##.....#...#...
...~~~~~.###..##W_!#....##.......
...~≈≈≈~.......##I##.....#.......
...~~~~~..#.....###..............
.........##.............##.###...
##.##..........#.................
#####........^^........)........
##...........................


You could see a lightning spire (summoned, sheltered), a martyred shade
(summoned), a +4 flail of chaos (sheltered) and Quercus's ghost (sheltered).

Vanquished Creatures
  Gastronok (Lair:3)
  An ice dragon (Lair:5)
  Josephine (Lair:3)
  3 hydras
  Urug (Lair:3)
  2 death yaks (Lair:4)
  A hell knight (Volcano)
  3 skysharks (Lair:2)
  A salamander mystic (Volcano)
  A bog body (Arena)
  A swamp dragon (Lair:5)
  Pikel (D:8)
  A lindwurm (Lair:5)
  An ugly thing (D:10)
  3 salamanders (Volcano)
  6 black mambas
  5 cane toads
  Maggie (D:7)
  3 rime drakes
  10 komodo dragons
  4 trolls
  2 polar bears
  A hornet (D:9)
  Prince Ribbit (D:5)
  14 blink frogs
  Sigmund (D:2)
  3 wraiths (Lair:3)
  A shadow (D:9)
  A vampire (D:10)
  A fire elemental (Lair:1)
  2 basilisks (Lair:2)
  36 yaks
  4 wyverns
  5 fire bats
  4 steam dragons
  Menkaure (D:5)
  3 acid dragons
  16 water moccasins
  2 hell hounds (Lair:1)
  Duvessa (D:7)
  2 swamp drakes (Lair:5)
  3 black bears
  2 ice beasts (D:6)
  9 wolves
  A centaur (D:10)
  5 ogres
  3 phantoms
  4 kobold brigands
  14 bullfrogs
  2 scorpions
  A gnoll sergeant (D:8)
  5 wights
  Dowan (D:7)
  16 killer bees
  A troll zombie (D:9)
  A howler monkey (D:8)
  A bombardier beetle (D:5)
  5 lava snakes (Volcano)
  3 centaur zombies (D:8)
  3 hounds
  Crazy Yiuf (D:2)
  6 orc priests
  2 jellies
  2 sleepcaps
  Jessica (D:2)
  Ijyb (D:5)
  8 iguanas
  7 orc wizards
  4 hell rats (Lair:5)
  A killer bee zombie (D:8)
  A statue (D:5)
  5 ogre zombies (D:9)
  A mummy (D:8)
  3 gnolls (D:8)
  3 adders (D:2)
  A shadow imp (D:7)
  5 white imps
  4 ufetubi
  2 ribbon worms
  2 dart slugs (D:4)
  35 orcs
  8 ball pythons
  6 bats
  5 endoplasms
  A giant cockroach (D:4)
  4 gnoll zombies (D:9)
  5 goblins
  7 hobgoblins
  6 jackals
  33 kobolds
  4 quokkas
  A frilled lizard (D:1)
  A gnoll skeleton (D:9)
  3 orc skeletons (D:9)
  11 orc zombies (D:9)
  7 rats
429 creatures vanquished.

Vanquished Creatures (collateral kills)
  A kobold (D:1)
  A ball python (D:1)
2 creatures vanquished.

Grand Total: 431 creatures vanquished

Notes
Turn   | Place    | Note
-------+----------+-------------------------------------------
     0 | D:1      | BlackSun the Human Chaos Knight began the quest for the
                  | Orb.
     0 | D:1      | Reached XP level 1. HP: 18/18 MP: 1/1
     1 | D:1      | XOM: divination: detect creatures
     2 | D:1      | Fell from the grace of Xom
   191 | D:1      | Reached XP level 2. HP: 24/24 MP: 2/2
   251 | D:1      | XOM: give mutations
   251 | D:1      | Gained mutation: You sometimes lose your temper in combat.
                  | [Xom's mischief]
   251 | D:1      | Gained mutation: Your flesh is cold resistant. (rC+) [Xom's
                  | mischief]
   629 | D:2      | Reached XP level 3. HP: 27/29 MP: 3/3
   636 | D:2      | Identified the +5 mace "Nitiur" {heavy, rCorr}
   756 | D:2      | XOM: give mutations
   756 | D:2      | Gained mutation: You are partially covered in iridescent
                  | scales. (AC +2) [Xom's mischief]
   756 | D:2      | Gained mutation: You passively map a small area around you.
                  | [Xom's mischief]
   756 | D:2      | Gained mutation: You are robust. (+10% HP) [Xom's mischief]
   800 | D:2      | Noticed Sigmund
   815 | D:2      | Killed Sigmund
   816 | D:2      | Reached skill level 4 in Maces & Flails
   816 | D:2      | Reached skill level 3 in Armour
   816 | D:2      | Reached XP level 4. HP: 23/40 MP: 4/4
   816 | D:2      | Reached XP level 5. HP: 26/46 MP: 5/5
  1114 | D:2      | XOM: give mutation
  1114 | D:2      | Lost mutation: You are robust. (+10% HP) [Xom's mischief]
  1306 | D:2      | Found a runed translucent door.
  1307 | D:2      | Noticed Crazy Yiuf
  1400 | D:2      | Noticed Jessica
  1403 | D:2      | Killed Jessica
  1404 | D:2      | Reached XP level 6. HP: 40/48 MP: 6/6
  2587 | D:3      | XOM: give mutations
  2587 | D:3      | Gained mutation: Your spells are a little harder to cast,
                  | but a little more powerful. [Xom's mischief]
  2587 | D:3      | Lost mutation: Your flesh is cold resistant. (rC+) [Xom's
                  | mischief]
  2587 | D:3      | Lost mutation: You sometimes lose your temper in combat.
                  | [Xom's mischief]
  2587 | D:3      | Gained mutation: You possess an exceptional clarity of
                  | mind. [Xom's mischief]
  2640 | D:4      | XOM: stat loss: -1 Str (19/20)
  2919 | D:4      | XOM: give mutation
  2919 | D:4      | Lost mutation: You possess an exceptional clarity of mind.
                  | [Xom's mischief]
  2945 | D:4      | Found a snail-covered altar of Cheibriados.
  2957 | D:4      | Reached skill level 5 in Maces & Flails
  2957 | D:4      | Reached skill level 3 in Dodging
  3115 | D:4      | XOM: scenery: summon butterflies
  3595 | D:5      | Entered Level 5 of the Dungeon
  3615 | D:5      | Reached skill level 1 in Shields
  3615 | D:5      | Reached XP level 7. HP: 55/55 MP: 7/7
  3616 | D:5      | Noticed Prince Ribbit
  3616 | D:5      | Noticed Ijyb
  3617 | D:5      | Noticed Menkaure
  3667 | D:6      | XOM: stat loss: -1 Int (11/12)
  3855 | D:5      | Reached skill level 6 in Maces & Flails
  3855 | D:5      | Reached XP level 8. HP: 51/61 MP: 8/8
  3871 | D:5      | Killed Menkaure
  3875 | D:5      | Killed Prince Ribbit
  3890 | D:5      | Killed Ijyb
  4133 | D:5      | XOM: give mutations
  4133 | D:5      | Lost mutation: Your spells are a little harder to cast, but
                  | a little more powerful. [Xom's mischief]
  4133 | D:5      | Gained mutation: Potions are less effective at restoring
                  | your health. [Xom's mischief]
  4133 | D:5      | Gained mutation: You are robust. (+10% HP) [Xom's mischief]
  4133 | D:5      | Gained mutation: Your flesh is heat resistant. (rF+) [Xom's
                  | mischief]
  4245 | D:5      | Found a radiant altar of Vehumet.
  4251 | D:5      | Found an opulent altar of Gozag.
  4365 | D:5      | Reached skill level 3 in Shields
  4618 | D:5      | Identified a scroll of acquirement
  4620 | D:5      | Acquired the ring of the Philosopher {rPois rF+ AC+4 Str-3}
  4644 | D:6      | Reached skill level 7 in Maces & Flails
  4733 | D:6      | Reached XP level 9. HP: 53/75 MP: 9/9
  4742 | D:6      | Noticed a troll
  4840 | D:6      | Killed a troll
  5230 | D:6      | Reached skill level 6 in Fighting
  5427 | D:6      | You fall into a shaft and drop 3 floors!
  5493 | D:9      | Reached skill level 8 in Maces & Flails
  5649 | D:9      | XOM: 1-stop teleportation journey
  5744 | D:9      | Reached skill level 6 in Armour
  5760 | D:8      | Found a sacrificial altar of Ru.
  5808 | D:8      | Reached XP level 10. HP: 68/84 MP: 10/10
  5811 | D:8      | Found a staircase to the Lair.
  5861 | D:7      | Noticed Maggie
  5873 | D:7      | Killed Maggie
  5940 | D:7      | Reached skill level 9 in Maces & Flails
  6549 | D:7      | Found a staircase to the Ecumenical Temple.
  6557 | Temple   | Found a transporter.
  6557 | Temple   | Found a transporter.
  6557 | Temple   | Found a transporter.
  6557 | Temple   | Found a transporter.
  6557 | Temple   | Entered the Ecumenical Temple
  6589 | Temple   | Became a worshipper of Warmaster Okawaru
  6873 | D:7      | Noticed Dowan
  6873 | D:7      | Noticed Duvessa
  6887 | D:7      | Killed Duvessa
  6888 | D:7      | Reached skill level 6 in Dodging
  6901 | D:7      | Reached skill level 1 in Invocations
  6908 | D:7      | Killed Dowan
  7052 | D:7      | XOM: draining
  7193 | D:8      | Reached * piety under Okawaru
  7262 | D:8      | Reached skill level 3 in Invocations
  7297 | D:8      | Noticed Pikel
  7307 | D:8      | Killed Pikel
  7392 | D:8      | Reached skill level 10 in Maces & Flails
  7503 | D:8      | XOM: summons 1 hostile demon
  7694 | D:8      | Found Yniadgh's Magic Scroll Emporium.
  7697 | D:8      | Bought 2 scrolls of enchant weapon for 165 gold pieces
  7697 | D:8      | Bought a scroll of identify for 22 gold pieces
  7697 | D:8      | Bought a scroll of identify for 22 gold pieces
  7716 | D:8      | XOM: give mutations
  7716 | D:8      | Lost mutation: You passively map a small area around you.
                  | [Xom's mischief]
  7716 | D:8      | Gained mutation: Armour fits poorly on your strangely
                  | shaped body. [Xom's mischief]
  7716 | D:8      | Gained mutation: You have a somewhat thin skeletal
                  | structure. (Dex +2, Stealth+) [Xom's mischief]
  7954 | D:8      | XOM: give mutations
  7954 | D:8      | Gained mutation: Your spells are a little harder to cast,
                  | but a little more powerful. [Xom's mischief]
  7954 | D:8      | Gained mutation: You are weak. (Str -2) [Xom's mischief]
  7954 | D:8      | Gained mutation: Your spells are harder to cast, but more
                  | powerful. [Xom's mischief]
  7954 | D:8      | Lost mutation: Your spells are harder to cast, but more
                  | powerful. [Xom's mischief]
  8251 | D:9      | Reached ** piety under Okawaru
  8252 | D:9      | Reached XP level 11. HP: 86/92 MP: 14/14
  8299 | D:9      | Found a staircase to the Orcish Mines.
  8819 | D:9      | Reached skill level 6 in Invocations
  8905 | D:9      | Identified the +2 flail of the Land of Plenty {flame,
                  | Str+3}
  9098 | D:10     | Entered Level 10 of the Dungeon
  9101 | D:10     | Identified the +2 ring mail of Apathy {rPois rF+ SInv}
  9493 | D:10     | XOM: noise
  9501 | D:10     | Reached skill level 11 in Maces & Flails
  9735 | D:10     | Found an ancient bone altar of Kikubaaqudgha.
  9868 | D:10     | XOM: give mutations
  9868 | D:10     | Lost mutation: You are partially covered in iridescent
                  | scales. (AC +2) [Xom's mischief]
  9868 | D:10     | Gained mutation: You occasionally lose the ability to read
                  | scrolls when taking damage. [Xom's mischief]
  9868 | D:10     | Lost mutation: Your spells are a little harder to cast, but
                  | a little more powerful. [Xom's mischief]
  9868 | D:10     | Gained mutation: You have a moderately thin skeletal
                  | structure. (Dex +4, Stealth++) [Xom's mischief]
  9890 | D:10     | Reached *** piety under Okawaru
  9984 | D:10     | Noticed a purple ugly thing
  9994 | D:10     | Killed a purple ugly thing
 10408 | Lair:1   | Entered Level 1 of the Lair of Beasts
 10524 | Lair:1   | Found a runed translucent door.
 10524 | Lair:1   | Found a shimmering altar of Xom.
 10524 | Lair:1   | Noticed Quercus's ghost (novice DESu)
 10524 | Lair:1   | Noticed a +4 flail of chaos
 10794 | Lair:1   | Reached **** piety under Okawaru
 10851 | Lair:1   | Found a dark tunnel.
 10898 | Volcano  | Entered a volcano
 11291 | Volcano  | Reached skill level 12 in Maces & Flails
 11384 | Volcano  | Noticed a salamander
 11385 | Volcano  | Noticed a hell knight
 11385 | Volcano  | Noticed a salamander
 11386 | Volcano  | Noticed a salamander
 11388 | Volcano  | Found a burning altar of Makhleb.
 11392 | Volcano  | Killed a salamander
 11399 | Volcano  | Killed a hell knight
 11400 | Volcano  | Reached skill level 9 in Invocations
 11405 | Volcano  | Killed a salamander
 11406 | Volcano  | Reached XP level 12. HP: 74/100 MP: 14/18
 11530 | Volcano  | XOM: noise
 12518 | Lair:2   | Found a shadowy altar of Dithmenos.
 12551 | Lair:2   | Reached skill level 13 in Maces & Flails
 12551 | Lair:2   | Reached ***** piety under Okawaru
 12590 | Lair:2   | Noticed a skyshark
 12600 | Lair:2   | Killed a skyshark
 12697 | Lair:2   | Found a staircase to the Snake Pit.
 12829 | Lair:2   | Noticed a skyshark
 12837 | Lair:2   | Killed a skyshark
 13185 | Lair:2   | XOM: 2-stop teleportation journey
 13487 | Lair:2   | Noticed a skyshark
 13510 | Lair:2   | Killed a skyshark
 13984 | Lair:2   | Found a staircase to the Swamp.
 14000 | Arena    | Entered the Arena
 14008 | Arena    | Reached skill level 14 in Maces & Flails
 14333 | Lair:2   | You fall into a shaft and drop 2 floors!
 14365 | Lair:4   | Reached skill level 12 in Invocations
 14396 | Lair:4   | Reached XP level 13. HP: 89/105 MP: 22/22
 14964 | Lair:3   | XOM: summons 6 hostile demons
 14964 | Lair:3   | Was forgiven by Xom
 15083 | Lair:3   | Noticed Urug
 15100 | Lair:3   | Killed Urug
 15100 | Lair:3   | Received a gift from Okawaru
 15377 | Lair:3   | Noticed Josephine
 15395 | Lair:3   | Killed Josephine
 15402 | Lair:3   | Reached skill level 6 in Shields
 16095 | Lair:3   | Noticed Gastronok
 16116 | Lair:3   | Killed Gastronok
 16662 | Lair:4   | Received a gift from Okawaru
 17139 | Lair:5   | Entered Level 5 of the Lair of Beasts
 17280 | Lair:5   | Found a staircase to the Slime Pits.
 17280 | Lair:5   | Found a viscous altar of Jiyva.
 17683 | Lair:5   | Identified the ring of the Ubiquitous God {rC+ Slay+2}
 18815 | Lair:5   | Reached XP level 14. HP: 109/114 MP: 23/23
 18815 | Lair:5   | Lost mutation: You occasionally lose the ability to read
                  | scrolls when taking damage. [potion of mutation]
 18815 | Lair:5   | Lost mutation: Your flesh is heat resistant. (rF+) [potion
                  | of mutation]
 18815 | Lair:5   | Lost mutation: You are weak. (Str -2) [potion of mutation]
 18815 | Lair:5   | Gained mutation: You have a pair of small horns on your
                  | head. [potion of mutation]
 18816 | Lair:5   | Lost mutation: You have a moderately thin skeletal
                  | structure. (Dex +4, Stealth++) [potion of mutation]
 18816 | Lair:5   | Lost mutation: You have a somewhat thin skeletal structure.
                  | (Dex +2, Stealth+) [potion of mutation]
 18816 | Lair:5   | Lost mutation: You have a pair of small horns on your head.
                  | [potion of mutation]
 18816 | Lair:5   | Lost mutation: Armour fits poorly on your strangely shaped
                  | body. [potion of mutation]
 18816 | Lair:5   | Gained mutation: You are resistant to electric shocks.
                  | (rElec) [potion of mutation]
 18984 | Lair:5   | Received a gift from Okawaru
 19003 | Lair:5   | Reached skill level 15 in Maces & Flails
 19356 | D:8      | Bought a scroll of teleportation for 33 gold pieces
 19356 | D:8      | Bought a scroll of teleportation for 33 gold pieces
 19619 | D:2      | Killed Crazy Yiuf
 19842 | Lair:1   | HP: 5/116 [+4 flail of chaos (7)]
 19842 | Lair:1   | Demolished by a +4 flail of chaos

Illustrated notes

Levels and vault maps discovered:
D:1:      tarquinn_simple_flora_water_b, layout_basic
D:2:      layout_loops_corners, glass_columns_a, uniq_crazy_yiuf_cottage,
          uniq_jessica, uniq_sigmund
D:3:      layout_basic, grunt_decor_mini_mirrors
D:4:      layout_layer_cave, mainiacjoe_overflow_small_starburst,
          minmay_misc_feat_ornament
D:5:      layout_basic, vehumet_statue, kennysheep_mini, serial_curves,
          eino_curves_01, eino_curves_02, uniq_ijyb, uniq_prince_ribbit1,
          uniq_menkaure
D:6:      hangedman_cross_stitches, layout_loops_corners
D:7:      layout_basic, minmay_temple_entry_mist, minmay_misc_feat_enclosed,
          uniq_duvessa, uniq_maggie
D:8:      layout_loops_ring, mainiacjoe_overflow_alcove_1,
          due_lair_maze_entry_diamond, serial_shops, nicolae_shop_rolled_up,
          nicolae_water_bricks, minmay_mini_ossuary, uniq_pikel
D:9:      layout_loops_ring, zombieorc1_lemuel, serial_co_window_serial,
          co_window_paths_b, co_window_corner_a, co_window_paths_a,
          co_window_paths_b, co_window_paths_a, co_window_broadway_a,
          co_window_corner_b, co_window_paths_c, co_window_unsneaky_path_c,
          glass_columns_a, glass_columns_a, glass_columns_b, minmay_liquid_box
D:10:     layout_loops_corners, nicolae_kikubaaqudgha_miasma_corner,
          minivault_21, statue_in_the_mist_lemuel, grunt_decor_one_mirror,
          kb_lookout_dungeons_type
Temple:   hellmonk_temple_divided_pantheon
Lair:1:   layout_gridlike, ebering_ghost_xom, enter_volcano_3, minmay_holes
Lair:2:   layout_long_grid, skrybe_swamp_entry_bodies,
          minmay_snake_entry_six_corridors, basic_altar
Lair:3:   layout_regular_city, uniq_urug, uniq_josephine, uniq_gastronok
Lair:4:   layout_hall_layers, st_stairs_3
Lair:5:   guppyfry_lair_end_dragon, layout_hall_layers, slime_entry_1

Skill      XL: |  1  2  3  4  5  6  7  8  9 10 11 12 13 14 |
---------------+-------------------------------------------+-----
Maces & Flails | 4 5 6 7 8 10 12 14 15 | 15.0
Armour         | 3 4 5 6 7 8 |  8.7
Dodging        | 2 3 4 5 6 7 |  7.8
Fighting       | 4 5 6 7 8 |  8.7
Shields        | 1 2 3 4 5 7 |  7.2
Invocations    | 5 9 12 | 12.0

Action                     |  1- 3 |  4- 6 |  7- 9 | 10-12 | 13-15 || total
---------------------------+-------+-------+-------+-------+-------++-------
  Melee: Mace              |    81 |    90 |   204 |   620 |       ||   995
         Flail             |       |       |       |   251 |   112 ||   363
         Eveningstar       |       |       |       |       |   401 ||   401
         Unarmed           |       |       |       |       |     2 ||     2
 Invoke: Renounce Religion |     1 |       |       |       |       ||     1
         Heroism           |       |       |       |     4 |       ||     4
         Finesse           |       |       |       |     2 |       ||     2
         Duel              |       |       |       |     1 |       ||     1
  Evoke: Wand              |       |     1 |     5 |     1 |     8 ||    15
         Gell's gravitambo |       |       |       |       |     2 ||     2
    Use: Scroll            |       |       |     6 |    10 |     6 ||    22
         Potion            |       |       |       |     2 |     4 ||     6
   Stab: Confused          |     1 |       |       |       |       ||     1
         Sleeping          |       |     1 |       |       |       ||     1
         Invisible         |       |       |       |       |     1 ||     1
 Armour: Leather armour    |    48 |    13 |       |       |       ||    61
         Chain mail        |       |    45 |       |       |       ||    45
         Plate armour      |       |    15 |   283 |   875 |   397 ||  1570
         Skin              |       |       |       |       |     5 ||     5
  Dodge: Dodged            |    54 |    48 |    75 |   322 |    84 ||   583
  Block: Buckler           |       |     8 |    69 |   165 |       ||   242
         Tower shield      |       |       |       |   513 |   524 ||  1037

Table legend: (Time is in decaauts)
 A = Elapsed time spent in this place.
 B = Non-inter-level travel time spent in this place.
 C = Inter-level travel time spent in this place.
 D = Time resting spent in this place.
 E = Time spent auto-exploring this place.
 F = Levels seen in this place.
 G = Mean time per level.
                   A        B        C        D        E       F      G
               +--------+--------+--------+--------+--------+-----+--------+
         Total |  20437 |  19200 |   1237 |   4480 |  10990 |  18 | 1135.4 |
       Dungeon |  11285 |  10349 |    936 |   1290 |   7139 |  10 | 1128.5 |
        Temple |     50 |     18 |     32 |      0 |      0 |   1 |   50.0 |
          Lair |   8157 |   7890 |    267 |   2734 |   3542 |   5 | 1631.4 |
       Volcano |    915 |    915 |      0 |    436 |    309 |   1 |  915.0 |
         Arena |     27 |     27 |      0 |     19 |      0 |   1 |   27.0 |
               +--------+--------+--------+--------+--------+-----+--------+

Top non-repeatable levels by time:
  Lair:2: 1843 daAuts
  Lair:5: 1805 daAuts
  Lair:3: 1642 daAuts
  Lair:4: 1568 daAuts
     D:9: 1491 daAuts
     D:6: 1446 daAuts
     D:2: 1431 daAuts
  Lair:1: 1298 daAuts
    D:10: 1290 daAuts
     D:8: 1200 daAuts
     D:4: 1085 daAuts
     D:5: 983 daAuts
 Volcano: 915 daAuts
     D:7: 859 daAuts
     D:3: 850 daAuts
